 Dungeon Crawl Stone Soup version 0.22-a0-42-g002c468 (webtiles) character file.

18 sagitran the Magician (level 2, 0/19 HPs)
             Began as a Mummy Fire Elementalist on Jan 5, 2018.
             Slain by a jackal (1 damage)
             ... on level 1 of the Dungeon.
             The game lasted 00:04:10 (865 turns).

sagitran the Magician (Mummy Fire Elementalist)      Turns: 865, Time: 00:04:11

Health: 0/19       AC:  2    Str: 11    XL:     2   Next: 48%
Magic:  4/6        EV: 12    Int: 14    God:
Gold:   36         SH:  0    Dex: 12    Spells: 4/7 levels left

rFire    x . .     SeeInvis .   i - -2 mace (curse)
rCold    + . .     Gourm    .   (no shield)
rNeg     + + +     Faith    .   a - +0 robe
rPois    ∞         Spirit   .   (no helmet)
rElec    .         Reflect  .   (no cloak)
rCorr    .         Harm     .   (no gloves)
MR       .....                  (no boots)
Stlth    ++........             (no amulet)
HPRegen  0.06/turn              (no ring)
MPRegen  0.10/turn              (no ring)

@: very slightly contaminated
A: no food or potions, fire vulnerability, cold resistance 1, negative energy
resistance 3, torment resistance, unbreathing
a: no special abilities


You were on level 1 of the Dungeon.
You were not hungry.

You visited 1 branch of the dungeon, and saw 1 of its levels.

You collected 36 gold pieces.

Inventory:

Hand Weapons
 e - a +0 club
 g - a +0 dagger
 i - a cursed -2 mace (weapon)
 j - a +1 dagger of draining
Armour
 a - a +0 robe (worn)
Books
 b - a book of Flames

   Spells                             Type                      Level
   a - Flame Tongue                   Conjuration/Fire             1
   b - Throw Flame                    Conjuration/Fire             2
   c - Conjure Flame                  Conjuration/Fire             3
   d - Inner Flame                    Hexes/Fire                   3
   e - Sticky Flame                   Conjuration/Fire             4
   f - Fireball                       Conjuration/Fire             5
Comestibles
 d - a ration


   Skills:
 + Level 1.6 Dodging
 + Level 1.7 Stealth
 + Level 3.1 Spellcasting
 + Level 0.8 Conjurations
 + Level 2.8 Fire Magic


You had 4 spell levels left.
You knew the following spells:

 Your Spells              Type           Power        Failure   Level  Hunger
a - Flame Tongue          Conj/Fire      #....        10%         1    N/A
b - Throw Flame           Conj/Fire      #.....       16%         2    N/A

Dungeon Overview and Level Annotations

Branches:
Dungeon (1/15)

Altars:


Innate Abilities, Weirdness & Mutations

You do not eat or drink.
Your flesh is vulnerable to fire.
You are immune to poison.
Your flesh is cold resistant. (rC+)
You are immune to negative energy. (rN+++)
You are immune to unholy pain and torment.
You can survive without breathing.


Message History

Nothing appears to happen.
The goblin hits you with a dagger.
Casting: Flame Tongue
Confirm with . or Enter, or press ? or * to list all spells.
Aiming: Flame Tongue
Press: ? - help, Shift-Dir - straight line, f/p - goblin
Aim: a goblin, wielding a dagger and wearing a coral ring The flame tongue hits the goblin.
You kill the goblin!
The jackal closely misses you.
You closely miss the jackal. The jackal bites you. x2
The jackal completely misses you. The jackal bites you.
* * * LOW HITPOINT WARNING * * *
You barely miss the jackal.
The jackal barks!
The bat closely misses you. The jackal bites you.
* * * LOW HITPOINT WARNING * * *
The jackal bites you.
* * * LOW HITPOINT WARNING * * *
The jackal bites you.
You die...

...####...####.....#
.....#..≈..#.....#.#
8..≈....≈....≈..8#.#
#...≈..≈≈≈..≈...##.####..#
.....≈≈≈≈≈≈≈.....#..(...#
#.#
...≈≈≈≈...≈≈≈≈..h.)####...w%
.≈≈≈≈≈..<..≈≈b≈≈...# #. ?$
...≈≈≈≈...≈≈≈≈..hh.# .## .##
.....≈≈≈≈≈≈≈....@#.# ..#..
#...≈..≈≈≈..≈...##.# .g.
8%.≈....≈....≈(K8#.# #.#
.....#..≈..#.....#)# ##.#
...####...####.....# #..#
.#######.#######...#####.##
...............###K......#
##############...(....####
#.#......#########


You could see 3 jackals, a bat and a kobold (wandering).

Vanquished Creatures
  A dart slug (D:1)
  A leopard gecko (D:1)
  4 hobgoblins (D:1)
  A bat (D:1)
  3 frilled lizards (D:1)
  2 goblins (D:1)
  3 kobolds (D:1)
  A rat (D:1)
16 creatures vanquished.

Notes
Turn   | Place    | Note
-------+----------+-------------------------------------------
     0 | D:1      | sagitran the Mummy Fire Elementalist began the quest for the Orb.
     0 | D:1      | Reached XP level 1. HP: 13/13 MP: 4/4
   168 | D:1      | Reached skill level 3 in Spellcasting
   168 | D:1      | Reached XP level 2. HP: 2/19 MP: 0/6
   226 | D:1      | Learned a level 2 spell: Throw Flame
   865 | D:1      | Slain by a jackal

Vault maps used:
D:1:      eino_arrival_water_star, minmay_misc_feat_pillars,
          minmay_misc_feat_cross, minmay_pentomino_t4

Skill      XL: |  1 |
---------------+----+-----
Spellcasting   | 3 |  3.1
Dodging        | |  1.6
Stealth        | |  1.7
Conjurations   | |  0.8
Fire Magic     | |  2.8

Action                   || total
-------------------------++-------
Melee: Club              ||    18
       Unarmed           ||     2
       Mace              ||    10
 Cast: Flame Tongue      ||    15
       Throw Flame       ||     4
  Use: Scroll            ||     3
Armor: Robe              ||     5
Dodge: Dodged            ||    42

Table legend:
 A = Spawn XP
 B = Non-spawn XP
 C = Spawn XP percentage of total XP
 D = Spawn monster count
 E = Non-spawn monster count
 F = Spawn count percentage of total count
 G = Total turns spent on level
                    A         B        C        D         E        F      G
               +---------+---------+-------+---------+---------+-------+---------
         Total |       0 |      26 |   0.0 |       0 |      16 |   0.0 |   865
               +---------+---------+-------+---------+---------+-------+---------
           D:1 |       0 |      26 |   0.0 |       0 |      16 |   0.0 |   865
               +---------+---------+-------+---------+---------+-------+---------
